 Dungeon Crawl Stone Soup version 0.17.0-18-gaab0e96 (webtiles) character file.

223 tp1 the Conjurer (level 5, 0/28 HPs)
             Began as a Deep Elf Conjurer on Nov 11, 2015.
             Killed by divine providence
             ... invoked by an orc priest
              (14 damage)
             ... on level 3 of the Dungeon.
             The game lasted 00:13:08 (4161 turns).

tp1 the Conjurer (Deep Elf Conjurer)                Turns: 4161, Time: 00:13:09

Health: 0/28       AC:  7    Str:  5    XL:     5   Next: 66%
Magic:  1/14       EV: 11    Int: 21    God:
Gold:   169        SH:  5    Dex: 15    Spells: 3 memorised, 6 levels left

rFire  . . .     SeeInvis +     t - +1 short sword (venom)
rCold  . . .     Clarity  .     k - +0 leather armour
rNeg   . . .     SustAt   .     n - +2 buckler {AC+3}
rPois  .         Gourm    .     q - +0 helmet
rElec  .         Spirit   .     (no cloak)
rCorr  .         Warding  .     (no gloves)
rMut   .         Stasis   .     (no boots)
MR     .....                    (no amulet)
Stlth  ++........               (no ring)
                                s - ring of see invisible

@: very slightly contaminated, not resistant to hostile enchantments, unstealthy
A: no striking features
a: no special abilities


You were on level 3 of the Dungeon.
You were not hungry.

You visited 1 branch of the dungeon, and saw 3 of its levels.

You collected 169 gold pieces.

Inventory:

Hand Weapons
 m - a +0 hand axe
 t - a +1 short sword of venom (weapon)
Armour
 a - a +0 robe
 k - a +0 leather armour (worn)
 l - a +0 shield
 n - a +2 buckler of protection (worn)
 q - a +0 helmet (worn)
Jewellery
 s - a ring of see invisible (left hand)
Scrolls
 f - 2 scrolls of remove curse
 i - a scroll of random uselessness {unknown}
 j - 2 scrolls of blinking {unknown}
 p - a scroll of enchant armour {unknown}
 r - a scroll of recharging {unknown}
 u - a scroll of teleportation {unknown}
 w - a scroll of immolation {unknown}
 y - a scroll of fog {unknown}
Potions
 d - 2 potions of cancellation {unknown}
 e - 2 potions of ambrosia {unknown}
 g - a potion of might {unknown}
 h - a potion of invisibility {unknown}
 v - a potion of agility {unknown}
 z - 2 potions of flight {unknown}
Books
 b - a book of Conjurations

   Spells                             Type                      Level
   a - Magic Dart                     Conjuration                  1
   b - Searing Ray                    Conjuration                  2
   c - Dazzling Spray                 Conjuration/Hexes            3
   d - Fulminant Prism                Conjuration/Hexes            4
   e - Iskenderun's Mystic Blast      Conjuration                  4
   f - Iskenderun's Battlesphere      Conjuration/Charms           5
Comestibles
 c - 3 bread rations
 o - 2 meat rations
 x - a beef jerky
 A - 2 chunks of flesh


   Skills:
 - Level 2.4 Dodging
 - Level 2.4 Stealth
 - Level 5.0 Spellcasting
 - Level 6.0 Conjurations
 + Level 4.0 Charms


You had 6 spell levels left.
You knew the following spells:

 Your Spells              Type           Power        Failure   Level  Hunger
a - Magic Dart            Conj           ####         2%          1    None
b - Searing Ray           Conj           ####..       4%          2    None
c - Iskenderun's Battles  Conj/Chrm      ####....     93%         5    #####..


Dungeon Overview and Level Annotations

Branches:
Dungeon (3/15)

Altars:
Gozag
Nemelex Xobeh
Ru


Message History

Press: ? - help, Shift-Dir - straight line, f - orc priest
Aim: an orc priest, wielding an enchanted hand axe and wearing a chain mail The searing ray misses the orc priest.
The searing ray hits the orc priest.
The orc priest is lightly wounded.
Without enough magic to sustain it, your searing ray dissipates.
You block the orc priest's attack.
You hit the orc priest but do no damage.
The orc priest is poisoned.
The orc priest is lightly wounded.
The orc priest misses you.
Your shield prevents you from hitting the orc priest.
The orc priest is moderately wounded.
The orc priest looks braver for a moment.
You hit the orc priest.
The orc priest is severely wounded.
The orc priest invokes the aid of Beogh against you.
Something smites you!
Ouch! That really hurt!
You die...

.# ##.#.## #.#
.###.....# #.#
.......... #.# .###...##
#.# ......## #.####.#
......# #.....(#
####..#####.####.#
#.......#####.#
#............@#
####.#...##.#.#.oo.....
##.......##.###.######..
.........#.## ##
##.###.#....#
......#..###. ...###.###
#### #.# ######.#


You could see an orc priest and an orc.

Vanquished Creatures
  Terence (D:2)
  Robin (D:2)
  3 gnolls (D:3)
  7 adders
  An ooze (D:3)
  A worm (D:2)
  2 giant geckos
  4 orcs (D:3)
  5 giant cockroaches
  16 goblins
  10 hobgoblins
  8 kobolds
  2 quokkas
  9 bats
  3 giant newts
  10 rats
83 creatures vanquished.

Notes
Turn   | Place    | Note
--------------------------------------------------------------
     0 | D:1      | tp1 the Deep Elf Conjurer began the quest for the Orb.
     0 | D:1      | Reached XP level 1. HP: 10/10 MP: 6/6
   332 | D:1      | Reached XP level 2. HP: 15/15 MP: 0/8
   336 | D:1      | Learned a level 2 spell: Searing Ray
   496 | D:1      | Reached skill level 5 in Conjurations
  1061 | D:1      | Reached XP level 3. HP: 19/19 MP: 6/9
  1909 | D:2      | Noticed Terence
  1914 | D:2      | Killed Terence
  1914 | D:2      | Reached skill level 6 in Conjurations
  2113 | D:2      | Reached XP level 4. HP: 24/24 MP: 7/11
  2461 | D:2      | Noticed Robin
  2643 | D:2      | Killed Robin
  2811 | D:2      | Found a sacrificial altar of Ru.
  2915 | D:2      | Reached skill level 5 in Spellcasting
  2915 | D:2      | Reached XP level 5. HP: 28/28 MP: 8/14
  2922 | D:2      | Learned a level 5 spell: Iskenderun's Battlesphere
  2969 | D:2      | Reached skill level 1 in Charms
  3102 | D:2      | Found an opulent altar of Gozag.
  3102 | D:2      | Found a sparkling altar of Nemelex Xobeh.
  3349 | D:2      | Found a sacrificial altar of Ru.
  3535 | D:2      | Found an opulent altar of Gozag.
  3537 | D:2      | Found a sparkling altar of Nemelex Xobeh.
  4161 | D:3      | Killed from afar by an orc priest

Action                   |  1- 3 |  4- 6 || total
-------------------------+-------+-------++-------
Melee: Hand axe          |     2 |       ||     2
       Unarmed           |     1 |       ||     1
       Short sword       |       |     4 ||     4
 Cast: Magic Dart        |    42 |    71 ||   113
       Searing Ray       |     6 |    18 ||    24
  Use: Scroll            |       |     1 ||     1
  Eat: Chunk             |     2 |     8 ||    10
